Map: Triton LE

Players

Flame

  • Race: Protoss Protoss
  • League: Platinum
  • Spawn Location: 5:00

pHARM - Winner!

  • Race: Zerg Zerg
  • League: Platinum
  • Spawn Location: 11:00

VOD

Have the link to the VOD?

Description

Time

  • Played on: Aug. 30, 2019, 11:21 p.m.
  • Length: 7:41
Show
View Real Time Build Order
Export as new Build Order

Flame Protoss 

Build Orders:  

Get SALT Encoding   

  12  0:01  Probe  
  13  0:13  Probe  
  14  0:24  Pylon  
  14  0:27  Probe  
  15  0:45  Probe  
  15  0:47  Forge  
  16  0:57  Probe  
  17  1:25  Pylon  
  17  1:44  Photon Cannon  
  17  1:45  Pylon  
  17  1:53  Probe  
  17  2:04  Nexus  
  17  2:08  Gateway  
  17  2:11  Gateway  
  17  2:14  Probe  
  18  2:17  Assimilator  
  18  2:21  Assimilator  
  18  2:23  Pylon  
  18  2:27  Photon Cannon, Probe  
  19  2:39  Probe  
  20  2:51  Probe  
  21  2:56  Zealot  
  23  2:59  Probe  
  23  3:00  Cybernetics Core  
  24  3:07  Probe  
  25  3:17  Probe x2  
  27  3:22  Pylon  
  27  3:23  Warp Gate  
  27  3:29  Probe  
  27  3:30  Probe  
  29  3:38  Stalker  
  29  3:40  Sentry  
  33  3:41  Probe  
  33  3:45  Twilight Council  
  33  3:48  Gateway  
  34  3:50  Probe  
  34  3:53  Probe  
  36  4:02  Probe  
  37  4:05  Probe  
  38  4:11  Pylon  
  38  4:14  Probe, Stalker  
  38  4:16  Sentry  
  43  4:17  Probe  
  44  4:32  Probe  
  44  4:35  Probe  
  44  4:36  Assimilator  
  46  4:38  Assimilator  
  46  4:41  Robotics Facility  
  46  4:44  Probe  
  47  4:47  Probe  
  48  4:56  Probe  
  49  5:04  Charge  
  49  5:09  Probe  
  50  5:22  Gateway  
  50  5:24  Gateway  
  50  5:25  Gateway  
  50  5:28  Gateway  
  50  5:29  Probe, Stalker  
  50  5:30  Stalker x2  
  50  5:32  Warp Prism  
  59  5:37  Probe  
  59  5:40  Pylon  
  60  5:46  Forge, Probe  
  60  5:49  Probe  
  62  6:08  Pylon  
  62  6:24  Zealot x2  
  62  6:25  Zealot x2  
  70  6:33  Pylon x2  
  70  6:35  Pylon  
  70  6:37  Pylon  
  70  6:48  Gateway  
  70  6:49  Pylon  
  70  6:55  Photon Cannon  
  70  7:04  Stalker  
  70  7:05  Stalker x3  
  70  7:07  Sentry  
  70  7:08  Sentry  
Show
View Real Time Build Order
Export as new Build Order

pHARM Zerg - Winner!

Build Orders: Hatch First 

Get SALT Encoding   

  12  0:01  Drone  
  13  0:13  Overlord  
  13  0:18  Drone  
  14  0:32  Drone x2  
  16  0:53  Hatchery  
  15  0:58  Drone  
  15  0:59  Drone  
  15  1:01  Drone  
  18  1:16  Spawning Pool  
  18  1:18  Drone  
  18  1:34  Drone  
  18  1:35  Drone  
  20  1:40  Extractor  
  19  1:55  Drone x2  
  21  2:04  Drone  
  21  2:05  Queen x2  
  21  2:07  Zergling x2  
  27  2:31  Drone  
  27  2:32  Overlord x2  
  28  2:50  Overlord, Queen  
  30  2:51  Drone  
  30  2:52  Drone x3, Queen  
  36  3:03  Metabolic Boost  
  36  3:06  Drone x2  
  38  3:33  Drone  
  38  3:34  Drone x8  
  45  3:38  Hatchery  
  46  4:01  Extractor  
  46  4:02  Extractor  
  44  4:09  Drone x4  
  49  4:10  Drone x2  
  49  4:13  Drone x2  
  49  4:15  Overlord  
  52  4:18  Lair  
  52  4:24  Evolution Chamber  
  51  4:25  Evolution Chamber  
  51  4:27  Roach Warren  
  49  4:32  Drone x2  
  49  4:33  Drone  
  52  5:04  Spore Crawler  
  51  5:09  Spore Crawler  
  51  5:10  Drone  
  51  5:11  Drone  
  52  5:22  Hydralisk Den, Drone  
  52  5:37  Drone x10  
  52  5:38  Drone x4  
  52  5:39  Overlord  
  66  5:45  Zerg Ground Armor Level 1, Zerg Missile Weapons Level 1, Glial Reconstitution  
  66  5:48  Overlord x4  
  66  5:56  Grooved Spines  
  66  6:07  Extractor  
  65  6:16  Roach x10  
  65  6:17  Extractor x2  
  83  6:45  Hydralisk x4  
  83  6:46  Hydralisk x2  
  94  7:02  Hydralisk x5  
  94  7:03  Spine Crawler x2  
  94  7:04  Overlord x3, Zergling x6  
  94  7:05  Overlord  
  94  7:07  Spine Crawler  
Tags
 
Matchup
PvZ
Replay Pack
10.7.19
Spawn Locations
Cross Positions
Add a new tag
Caveats
  • Supply blocks, unpowered buildings, or Contaminate may cause inaccurate times.
  • Supply counts are checked every 10 seconds.